 Dungeon Crawl Stone Soup version 0.20.1-1-g8b1a95d (webtiles) character file.

9 McKennaii the Insei (level 2, -2/18 HPs)
             Began as an Octopode Transmuter on Aug 10, 2017.
             Slain by a kobold
             ... wielding a +0 dagger
              (4 damage)
             ... on level 1 of the Dungeon.
             The game lasted 00:00:32 (106 turns).

McKennaii the Insei (Octopode Transmuter)            Turns: 106, Time: 00:00:33

Health: -2/18      AC:  1    Str:  9    XL:     2   Next: 16%
Magic:  4/5        EV: 13    Int: 15    God:
Gold:   0          SH:  0    Dex: 12    Spells: 4/5 levels left

rFire    . . .     SeeInvis .     - Unarmed
rCold    . . .     Gourm    .   (no shield)
rNeg     . . .     Faith    .   (helmet restricted)
rPois    .         Spirit   .   (no amulet)
rElec    .         Reflect  .   (no ring)
rCorr    .         Harm     .   (no ring)
MR       .....                  (no ring)
Stlth    +++.......             (no ring)
Regen    0.1/turn               (no ring)
MPRegen  0.1/turn               (no ring)
                                (no ring)
                                (no ring)

@: appendage (expiring)
A: almost no armour, stealthy swim, amphibious, 8 rings, constrict 8, tentacle
spike 3, camouflage 1, gelatinous body 1
a: End Transformation


You were on level 1 of the Dungeon.
You were not hungry.
One of your tentacles had a temporary spike.
You visited 1 branch of the dungeon, and saw 1 of its levels.

Inventory:

Missiles
 a - 12 arrows
Scrolls
 d - a scroll of teleportation {unknown}
Books
 b - a book of Changes

   Spells                             Type                      Level
   a - Beastly Appendage              Transmutation                1
   b - Sticks to Snakes               Transmutation                2
   c - Spider Form                    Transmutation/Poison         3
   d - Ice Form                       Ice/Transmutation            4
   e - Blade Hands                    Transmutation                5
Comestibles
 c - a bread ration


   Skills:
 + Level 1.0 Fighting
 + Level 2.0 Dodging
 * Level 1.1 Stealth
 * Level 3.3 Unarmed Combat
 + Level 2.0 Spellcasting
 * Level 2.1 Transmutations


You had 4 spell levels left.
You knew the following spells:

 Your Spells              Type           Power        Failure   Level  Hunger
a - Beastly Appendage     Tmut           #.....       10%         1    #......


Dungeon Overview and Level Annotations

Branches:
Dungeon (1/15)

Altars:


Innate Abilities, Weirdness & Mutations

You cannot wear most types of armour.
You are very stealthy in the water. (Stealth+)
You are amphibious.
You can wear up to eight rings at the same time.
You can use your tentacles to constrict eight enemies at once.
Your skin changes colour to match your surroundings (Stealth+).
Your rubbery body absorbs attacks. (AC +1, EV +1)
One of your tentacles bears a large vicious spike.


Message History

The kobold hits you with a dagger.
Casting: Beastly Appendage
Confirm with . or Enter, or press ? or * to list all spells.
One of your tentacles grows a vicious spike.
The kobold hits you with a dagger.
* * * LOW HITPOINT WARNING * * *
A hobgoblin comes into view. It is wielding a club.
You closely miss the kobold.
The hobgoblin shouts!
You grab the kobold.
You constrict the kobold, but do no damage.
The kobold hits you with a dagger.
* * * LOW HITPOINT WARNING * * *
You tentacle-slap the kobold but do no damage.
You tentacle-slap the kobold. You squeeze the kobold.
You kill the kobold!
You tentacle-slap the frilled lizard.
You kill the frilled lizard!
The kobold hits you with a dagger.
You die...

##### ......### ######+##
........# #...#...# .. .........#
#..)#...#... .... .........#
#...#...#..[....... .....?...#
###..................
...##..†####...##.........##....
........).).g..K@................
....##...####...#....##..........
.......)....#...#..............##
.................................
........>.............†..........
....####.######......###†#.......
... #.. ..................... ..
................#.#....... .
.........####...###.......


You could see a hobgoblin and a kobold.

Vanquished Creatures
  2 goblins (D:1)
  2 hobgoblins (D:1)
  2 frilled lizards (D:1)
  A kobold (D:1)
  3 rats (D:1)
10 creatures vanquished.

Notes
Turn   | Place    | Note
-------+----------+-------------------------------------------
     0 | D:1      | McKennaii the Octopode Transmuter began the quest for the Orb.
     0 | D:1      | Reached XP level 1. HP: 13/13 MP: 3/3
    85 | D:1      | Reached XP level 2. HP: 15/18 MP: 5/5
    88 | D:1      | Reached skill level 1 in Stealth
   106 | D:1      | Slain by a kobold

Skill      XL: |  1  2 |
---------------+-------+-----
Stealth        | 1 |  1.1
Fighting       | |  1.0
Dodging        | |  2.0
Unarmed Combat | |  3.3
Spellcasting   | |  2.0
Transmutations | |  2.1

Action                   || total
-------------------------++-------
Melee: Unarmed           ||    17
       Constrict         ||     7
       Tentacles         ||     3
       Punch             ||     2
 Cast: Beastly Appendage ||     1
 Stab: Sleeping          ||     4
Dodge: Dodged            ||     5
